[ AOE2 MATCH · #506087770 ]
UnrankedWu vs Mongols
Player's team · WIN
Rival team · LOSS
[ REPLAY ANALYSIS · EXTRACTED FROM THE RECORDED GAME ]
Feudal
12:52
Castle
21:13
Imperial
—
| APM avg | 81.9 |
| APM peak | 127 |
| eAPM avg | 46.1 |
| Villagers / military | 90 / 31 |
Focus
⚔️ 57.8% · 🌾 42.2%
Unknown (1974) ×23 · Archer ×20 · Militia ×8 · Monk ×3
Feudal
14:27
Castle
18:29
Imperial
—
| APM avg | 32.5 |
| APM peak | 63 |
| eAPM avg | 16.2 |
| Villagers / military | 75 / 3 |
Focus
⚔️ 28.6% · 🌾 71.4%
Mangonel ×2 · Scorpion ×1
Match map
Initial resources + every placement click. Lines = walls · curves = elevation contours. ◆ gold · ⬟ stone · ● berries · ✦ relic · ◌ wall gap
Your base· Open — opponent sealed themselves in
kenkenyau's base· ✓ Closed at 18:29 · 83t walls · no gate
Smoothed initial terrain · ◌ = detected wall gap · hover for details
Inputs per minute
— 14' screen laptop kboard & wifi - - kenkenyau
Build order — 14' screen laptop kboard & wifi
First 150 of 284 actions detected
| 0:00 | Queue | Villager (Male) |
| 0:01 | Queue | Villager (Male) |
| 0:01 | Queue | Villager (Male) |
| 0:02 | Build | House |
| 0:25 | Queue | Villager (Male) |
| 1:18 | Build | House |
| 1:36 | Build | Barracks |
| 1:39 | Queue | Villager (Male) |
| 1:59 | Build | House |
| 2:07 | Research | Loom |
| 2:12 | Queue | Villager (Male) |
| 2:29 | Queue | Villager (Male) |
| 2:31 | Queue | Militia |
| 2:46 | Queue | Militia |
| 3:07 | Queue | Villager (Male) |
| 3:31 | Queue | Villager (Male) |
| 4:12 | Queue | Villager (Male) |
| 4:17 | Build | House |
| 4:17 | Build | Palisade Wall |
| 4:27 | Queue | Militia |
| 4:29 | Queue | Villager (Male) |
| 4:50 | Queue | Villager (Male) |
| 5:10 | Queue | Villager (Male) |
| 5:30 | Queue | Villager (Male) |
| 5:56 | Queue | Villager (Male) |
| 6:15 | Queue | Villager (Male) |
| 6:26 | Build | Mill |
| 6:41 | Build | House |
| 6:44 | Queue | Villager (Male) |
| 7:13 | Queue | Villager (Male) |
| 7:42 | Queue | Villager (Male) |
| 7:52 | Build | Lumber Camp |
| 8:11 | Queue | Villager (Male) |
| 8:42 | Queue | Villager (Male) |
| 9:09 | Queue | Villager (Male) |
| 9:23 | Build | Farm |
| 9:24 | Build | Farm |
| 9:28 | Queue | Villager (Male) |
| 9:47 | Queue | Villager (Male) |
| 9:54 | Build | Farm |
| 10:07 | Build | House |
| 10:11 | Queue | Villager (Male) |
| 10:22 | Research | Feudal Age |
| 10:46 | Queue | Villager (Male) |
| 10:51 | Queue | Villager (Male) |
| 10:51 | Build | Farm |
| 11:51 | Build | Mining Camp |
| 11:56 | Build | Farm |
| 12:01 | Build | Farm |
| 12:37 | Queue | Villager (Male) |
| 12:52 | Age | Feudal Age |
| 13:05 | Research | Double-Bit Axe |
| 13:07 | Build | Archery Range |
| 13:10 | Build | House |
| 13:11 | Build | House |
| 13:15 | Research | Arson |
| 13:20 | Build | Farm |
| 13:30 | Queue | Villager (Male) |
| 13:42 | Build | House |
| 13:45 | Research | Man-at-Arms (upgrade) |
| 13:50 | Build | House |
| 13:57 | Queue | Militia |
| 14:13 | Build | House |
| 14:14 | Queue | Villager (Male) |
| 14:24 | Research | Horse Collar |
| 14:30 | Build | House |
| 14:33 | Build | House |
| 14:37 | Queue | Archer |
| 14:45 | Build | Palisade Gate |
| 14:47 | Queue | Villager (Male) |
| 14:55 | Build | House |
| 15:08 | Queue | Archer |
| 15:09 | Queue | Villager (Male) |
| 15:19 | Build | Lumber Camp |
| 15:24 | Build | House |
| 15:34 | Queue | Villager (Male) |
| 15:43 | Build | House |
| 15:47 | Queue | Villager (Male) |
| 15:59 | Build | Farm |
| 16:02 | Build | House |
| 16:09 | Queue | Archer |
| 16:22 | Build | House |
| 16:32 | Build | Farm |
| 16:45 | Queue | Archer |
| 16:49 | Queue | Villager (Male) |
| 17:11 | Queue | Villager (Male) |
| 17:16 | Build | Archery Range |
| 17:19 | Build | Farm |
| 17:35 | Queue | Villager (Male) |
| 17:36 | Build | Blacksmith |
| 17:46 | Build | House |
| 17:53 | Build | Farm |
| 18:04 | Build | House |
| 18:08 | Queue | Villager (Male) |
| 18:12 | Build | Farm |
| 18:15 | Queue | Archer |
| 18:16 | Build | Farm |
| 18:29 | Research | Castle Age |
| 18:31 | Build | House |
| 18:33 | Research | Fletching |
| 18:36 | Build | Farm |
| 18:39 | Queue | Archer |
| 18:42 | Queue | Villager (Male) |
| 18:47 | Build | Farm |
| 18:59 | Queue | Archer |
| 19:02 | Build | House |
| 19:09 | Build | Farm |
| 19:16 | Queue | Archer |
| 19:19 | Research | Padded Archer Armor |
| 19:27 | Build | House |
| 19:36 | Queue | Archer |
| 19:44 | Queue | Archer |
| 19:54 | Build | Farm |
| 20:01 | Queue | Archer |
| 20:07 | Research | Gold Mining |
| 20:30 | Build | House |
| 20:31 | Build | House |
| 20:33 | Build | House |
| 20:34 | Build | House |
| 20:36 | Queue | Archer |
| 21:03 | Build | Farm |
| 21:06 | Queue | Archer |
| 21:13 | Age | Castle Age |
| 21:15 | Research | Bow Saw |
| 21:21 | Research | Crossbowman (upgrade) |
| 21:22 | Research | Bodkin Arrow |
| 21:24 | Queue | Unit 1974 |
| 21:31 | Queue | Villager (Male) |
| 21:40 | Queue | Villager (Male) |
| 21:44 | Build | Town Center |
| 21:48 | Build | Town Center |
| 22:02 | Queue | Archer |
| 22:09 | Queue | Villager (Male) |
| 22:13 | Queue | Archer |
| 22:20 | Queue | Villager (Male) |
| 22:24 | Build | Farm |
| 22:26 | Build | Farm |
| 22:41 | Queue | Unit 1974 |
| 22:44 | Queue | Villager (Male) |
| 22:57 | Queue | Villager (Male) |
| 22:58 | Queue | Villager (Male) |
| 22:59 | Build | Farm |
| 23:00 | Build | Farm |
| 23:04 | Queue | Unit 1974 |
| 23:13 | Queue | Archer |
| 23:14 | Queue | Unit 1974 |
| 23:19 | Build | Farm |
| 23:20 | Build | Farm |
| 23:24 | Queue | Villager (Male) |
| 23:47 | Queue | Unit 1974 |
Build order — kenkenyau
First 150 of 169 actions detected
| 0:00 | Queue | Villager (Male) |
| 0:01 | Queue | Villager (Male) |
| 0:01 | Queue | Villager (Male) |
| 0:02 | Build | House |
| 0:04 | Build | House |
| 0:13 | Queue | Villager (Male) |
| 0:13 | Queue | Villager (Male) |
| 1:24 | Queue | Villager (Male) |
| 1:24 | Queue | Villager (Male) |
| 1:45 | Build | Lumber Camp |
| 1:55 | Queue | Villager (Male) |
| 1:55 | Queue | Villager (Male) |
| 2:18 | Queue | Villager (Male) |
| 2:18 | Queue | Villager (Male) |
| 2:42 | Queue | Villager (Male) |
| 2:42 | Queue | Villager (Male) |
| 2:43 | Queue | Villager (Male) |
| 2:50 | Queue | Villager (Male) |
| 2:50 | Queue | Villager (Male) |
| 3:10 | Queue | Villager (Male) |
| 3:10 | Queue | Villager (Male) |
| 3:10 | Queue | Villager (Male) |
| 3:51 | Build | House |
| 4:16 | Build | House |
| 4:19 | Build | Palisade Wall |
| 4:22 | Queue | Villager (Male) |
| 4:44 | Build | Palisade Wall |
| 5:01 | Research | Loom |
| 5:16 | Queue | Villager (Male) |
| 5:30 | Queue | Villager (Male) |
| 5:39 | Queue | Villager (Male) |
| 6:09 | Queue | Villager (Male) |
| 6:17 | Build | Palisade Wall |
| 6:20 | Queue | Villager (Male) |
| 6:40 | Build | Palisade Wall |
| 6:44 | Queue | Villager (Male) |
| 7:07 | Queue | Villager (Male) |
| 7:27 | Build | Palisade Wall |
| 8:03 | Queue | Villager (Male) |
| 8:07 | Queue | Villager (Male) |
| 8:26 | Build | Mill |
| 9:14 | Queue | Villager (Male) |
| 9:20 | Build | House |
| 9:27 | Queue | Villager (Male) |
| 10:12 | Build | House |
| 10:59 | Build | Palisade Wall |
| 11:02 | Queue | Villager (Male) |
| 11:02 | Queue | Villager (Male) |
| 11:14 | Build | Palisade Wall |
| 11:44 | Queue | Villager (Male) |
| 11:50 | Build | Mining Camp |
| 11:52 | Research | Feudal Age |
| 12:21 | Build | Palisade Wall |
| 12:39 | Build | Palisade Wall |
| 12:51 | Build | House |
| 13:16 | Build | House |
| 13:21 | Build | Farm |
| 13:22 | Build | Farm |
| 14:19 | Build | House |
| 14:27 | Age | Feudal Age |
| 14:29 | Build | Blacksmith |
| 14:33 | Build | Market |
| 14:34 | Queue | Villager (Male) |
| 14:35 | Queue | Villager (Male) |
| 14:50 | Build | Barracks |
| 15:06 | Build | Farm |
| 15:13 | Queue | Villager (Male) |
| 15:43 | Research | Castle Age |
| 15:54 | Build | Watch Tower |
| 15:57 | Build | House |
| 16:08 | Build | Archery Range |
| 16:11 | Research | Double-Bit Axe |
| 16:19 | Build | Lumber Camp |
| 16:24 | Build | House |
| 16:36 | Build | House |
| 16:38 | Build | Stone Wall |
| 16:51 | Build | Palisade Wall |
| 17:09 | Build | Stone Wall |
| 17:15 | Build | Stone Wall |
| 17:23 | Build | Stone Wall |
| 17:26 | Build | Stone Wall |
| 17:28 | Build | Stone Wall |
| 17:31 | Build | Stone Wall |
| 17:47 | Build | Stone Wall |
| 18:29 | Age | Castle Age |
| 18:30 | Build | Town Center |
| 18:36 | Build | Siege Workshop |
| 18:39 | Queue | Villager (Male) |
| 18:39 | Queue | Villager (Male) |
| 18:50 | Research | Bow Saw |
| 19:07 | Build | Farm |
| 19:26 | Build | Farm |
| 19:29 | Build | Farm |
| 19:31 | Build | Farm |
| 19:34 | Build | Farm |
| 19:43 | Build | Farm |
| 19:47 | Queue | Villager (Male) |
| 19:58 | Build | Farm |
| 20:01 | Build | Farm |
| 20:08 | Build | House |
| 20:12 | Build | House |
| 20:14 | Build | House |
| 20:35 | Queue | Villager (Male) |
| 20:35 | Queue | Villager (Male) |
| 20:42 | Build | House |
| 20:56 | Build | Farm |
| 21:00 | Build | Farm |
| 21:05 | Build | House |
| 21:12 | Queue | Villager (Male) |
| 21:13 | Queue | Villager (Male) |
| 21:13 | Queue | Villager (Male) |
| 21:13 | Queue | Villager (Male) |
| 21:25 | Build | Farm |
| 21:32 | Build | House |
| 21:35 | Build | House |
| 21:36 | Queue | Villager (Male) |
| 21:36 | Queue | Villager (Male) |
| 21:42 | Build | Farm |
| 21:51 | Build | House |
| 21:57 | Build | Farm |
| 22:02 | Build | House |
| 22:27 | Queue | Mangonel |
| 22:47 | Research | Wheelbarrow |
| 22:48 | Queue | Villager (Male) |
| 23:20 | Queue | Villager (Male) |
| 23:20 | Queue | Villager (Male) |
| 23:21 | Queue | Villager (Male) |
| 23:23 | Queue | Mangonel |
| 24:25 | Build | House |
| 24:53 | Queue | Scorpion |
| 26:21 | Build | House |
| 26:27 | Queue | Villager (Male) |
| 26:27 | Queue | Villager (Male) |
| 26:27 | Queue | Villager (Male) |
| 26:27 | Queue | Villager (Male) |
| 26:45 | Queue | Villager (Male) |
| 26:46 | Queue | Villager (Male) |
| 26:46 | Queue | Villager (Male) |
| 26:46 | Queue | Villager (Male) |
| 26:51 | Build | Farm |
| 26:53 | Build | Farm |
| 26:58 | Build | House |
| 27:01 | Build | Farm |
| 27:28 | Build | Farm |
| 27:34 | Queue | Villager (Male) |
| 27:35 | Queue | Villager (Male) |
| 27:35 | Queue | Villager (Male) |
| 27:35 | Queue | Villager (Male) |
| 27:43 | Build | House |
| 28:02 | Build | Stone Wall |
Match timeline
| 1:36 | 14' screen laptop kboard & wifi · first_building Barracks |
| 4:17 | 14' screen laptop kboard & wifi · wall_segment Palisade Wall x1 |
| 4:19 | kenkenyau · wall_segment Palisade Wall x25 |
| 4:44 | kenkenyau · wall_segment Palisade Wall x9 |
| 6:17 | kenkenyau · wall_segment Palisade Wall x12 |
| 6:40 | kenkenyau · wall_segment Palisade Wall x5 |
| 7:27 | kenkenyau · wall_segment Palisade Wall x7 |
| 10:59 | kenkenyau · wall_segment Palisade Wall x1 |
| 11:14 | kenkenyau · wall_segment Palisade Wall x1 |
| 12:21 | kenkenyau · wall_segment Palisade Wall x13 |
| 12:39 | kenkenyau · wall_segment Palisade Wall x5 |
| 12:52 | 14' screen laptop kboard & wifi · age_up feudal |
| 13:07 | 14' screen laptop kboard & wifi · first_building Archery Range |
| 14:27 | kenkenyau · age_up feudal |
| 14:50 | kenkenyau · first_building Barracks |
| 15:38 | kenkenyau · first_market_buy 100 food |
| 15:39 | kenkenyau · first_market_sell 100 wood |
| 16:08 | kenkenyau · first_building Archery Range |
| 16:38 | kenkenyau · wall_segment Stone Wall x1 |
| 16:51 | kenkenyau · wall_segment Palisade Wall x1 |
| 17:09 | kenkenyau · wall_segment Stone Wall x1 |
| 17:15 | kenkenyau · wall_segment Stone Wall x1 |
| 17:23 | kenkenyau · wall_segment Stone Wall x1 |
| 17:26 | kenkenyau · wall_segment Stone Wall x1 |
| 17:28 | kenkenyau · wall_segment Stone Wall x1 |
| 17:31 | kenkenyau · wall_segment Stone Wall x1 |
| 17:47 | kenkenyau · wall_segment Stone Wall x1 |
| 18:29 | kenkenyau · age_up castle |
| 18:36 | kenkenyau · first_building Siege Workshop |
| 21:13 | 14' screen laptop kboard & wifi · age_up castle |
| 24:20 | 14' screen laptop kboard & wifi · first_building Monastery |
| 28:02 | kenkenyau · wall_segment Stone Wall x1 |
| 31:08 | kenkenyau · resign |
[ AI ANALYSIS · 1 CREDIT ]
What really happened in this match?
Wolo.gg analyzes every decision: build order, eco, micro, common mistakes by bracket. Personalized analysis on WhatsApp or Discord in 30 seconds.
Civ guide
Wu
Perfil
Jugador #10802610